 Dungeon Crawl Stone Soup version 0.18.1-48-g4cf74bf (webtiles) character file.

7027 Heedrag the Destroyer (level 10, -9/59 HPs)
             Began as a Deep Elf Conjurer on Aug 28, 2016.
             Was a Follower of Vehumet.
             Mangled by a hell hound (12 damage)
             ... on level 10 of the Dungeon.
             The game lasted 00:25:04 (9082 turns).

Heedrag the Destroyer (Deep Elf Conjurer)           Turns: 9082, Time: 00:25:05

Health: -9/59      AC:  7    Str:  8    XL:     10   Next: 82%
Magic:  24/35      EV: 16    Int: 19    God:    Vehumet [*.....]
Gold:   393        SH:  0    Dex: 17    Spells: 4 memorised, 18 levels left

rFire  . . .     SeeInvis .     F - +2 dagger (venom)
rCold  . . .     Gourm    .     z - +0 robe
rNeg   . . .     Faith    .     (no shield)
rPois  +         Spirit   .     (helmet restricted)
rElec  .         Dismiss  .     Y - +0 cloak
rCorr  .         Reflect  .     (no gloves)
SustAt .         Harm     .     l - +1 pair of boots
MR     +....                    Q - amulet of magic regeneration
Stlth  ++........               i - ring of magical power
                                q - ring of poison resistance

@: somewhat resistant to hostile enchantments, unstealthy
A: antennae 1, hooves 1, yellow scales 1, agile 1, blink, dopey 1, evolution 1,
subdued magic 1, MP-powered wands
a: Blink, Renounce Religion


You were on level 10 of the Dungeon.
You worshipped Vehumet.
Vehumet was aware of your devotion.
You were hungry.

You visited 2 branches of the dungeon, and saw 11 of its levels.

You collected 514 gold pieces.
You spent 121 gold pieces at shops.

Inventory:

Hand Weapons
 k - a +0 short sword
 y - a +0 whip of flaming
 F - a +2 dagger of venom (weapon)
Armour
 l - a +1 pair of boots (worn)
 z - a +0 robe (worn)
 H - a +2 helmet
 W - the cursed +0 plate armour of Rerabu {Str-3 Dex+5}
   (You found it on level 9 of the Dungeon)

   It affects your strength (-3).
   It affects your dexterity (+5).
   It has a curse placed upon it.
 Y - a +0 cloak (worn)
Magical Staves
 t - an uncursed staff of air
Jewellery
 h - an uncursed ring of flight
 i - a ring of magical power (right hand)
 q - a ring of poison resistance (left hand)
 J - an uncursed amulet of inaccuracy
 L - an uncursed ring of fire
 Q - an amulet of magic regeneration (around neck)
 X - an uncursed ring of resist corrosion
Wands
 o - a wand of slowing (20/48)
 p - a wand of flame (17/48)
 x - a wand of lightning (9/15)
 B - a wand of paralysis (8/24)
 D - a wand of teleportation (5/9)
 M - a wand of digging (11/24)
 N - a wand of acid (5/15)
 R - a wand of acid (8/15)
Scrolls
 d - 12 scrolls of identify
 e - 2 scrolls of enchant armour
 g - 2 scrolls of fog
 j - a scroll of noise {unknown}
 u - a scroll of amnesia
 w - a scroll of remove curse
 C - a scroll of random uselessness {unknown}
 U - a scroll of enchant weapon {unknown}
Potions
 a - a potion of magic {unknown}
 m - a potion of agility {unknown}
 n - 2 potions of cancellation {unknown}
 r - 5 potions of curing
 A - a potion of lignification {unknown}
 E - a potion of beneficial mutation {unknown}
 G - a potion of heal wounds {unknown}
 I - a potion of brilliance {unknown}
 S - a potion of mutation
 T - a potion of degeneration
Books
 b - a book of Conjurations

   Spells                             Type                      Level
   a - Magic Dart                     Conjuration                  1
   b - Searing Ray                    Conjuration                  2
   c - Dazzling Spray                 Conjuration/Hexes            3
   d - Fulminant Prism                Conjuration/Hexes            4
   e - Iskenderun's Mystic Blast      Conjuration                  4
   f - Iskenderun's Battlesphere      Conjuration/Charms           5
 K - a book of Party Tricks

   Spells                             Type                      Level
   a - Summon Butterflies             Summoning                    1
   b - Apportation                    Translocation                1
   c - Tukima's Dance                 Hexes                        3
   d - Alistair's Intoxication        Transmutation/Poison         5
   e - Invisibility                   Hexes                        6
 P - a Necronomicon

   Spells                             Type                      Level
   a - Haunt                          Necromancy/Summoning         7
   b - Borgnjor's Revivification      Necromancy                   8
   c - Death's Door                   Charms/Necromancy            8
   d - Necromutation                  Transmutation/Necromancy     8
 V - a book of Geomancy

   Spells                             Type                      Level
   a - Sandblast                      Earth                        1
   b - Passwall                       Transmutation/Earth          2
   c - Stone Arrow                    Conjuration/Earth            3
   d - Petrify                        Transmutation/Earth          4
   e - Lee's Rapid Deconstruction     Earth                        5
Comestibles
 c - 10 bread rations
 f - 3 fruits
 s - 3 meat rations
 v - 6 beef jerkies
 O - 2 slices of pizza
 Z - 2 chunks of flesh


   Skills:
 * Level 5.4 Fighting
 + Level 6.4 Dodging
 - Level 2.4 Stealth
 + Level 10.1 Spellcasting
 * Level 11.7 Conjurations
 + Level 9.3 Charms
 + Level 2.9 Summonings


You had 18 spell levels left.
You knew the following spells:

 Your Spells              Type           Power        Failure   Level  Hunger
a - Magic Dart            Conj           ####         1%          1    None
b - Iskenderun's Mystic   Conj           #####...     1%          4    ##.....
c - Iskenderun's Battles  Conj/Chrm      #####...     1%          5    #####..
d - Summon Butterflies    Summ           ###.....     1%          1    None


Dungeon Overview and Level Annotations

Branches:
Dungeon (10/15)            Temple (1/1) D:7
   Lair: D:8-11         Orc: D:9-12

Altars:
Ashenzari
Cheibriados
Elyvilon
Fedhas
Gozag
Kikubaaqudgha
Makhleb
Nemelex Xobeh
Okawaru
Pakellas
Qazlal
Ru
Sif Muna
Trog
Vehumet
Xom
Yredelemnul
Zin
The Shining One

Shops:
D:6 !   D:8 [   D:9 !


Innate Abilities, Weirdness & Mutations

You have a pair of small antennae on your head.
You have large cloven feet.
You are partially covered in yellow scales (AC +2).
You are agile. (Dex +2)
You can translocate small distances at will.
You are dopey. (Int -2)
You evolve.
Your spells are a little easier to cast, but a little less powerful.
You expend magic power (3 MP) to strengthen your wands.


Message History

Yer battlesphere fires!
Tha barrage o' energy hits tha hell hound.
Tha hell hound be moderately wounded.
Tha hell hound breathas flames at ye.
Tha blast o' flame hits ye!
* * * LOW HITPOINT WARNIN'
* * * Castin': Magic Dart Confirm wit' . or Enter, or press ? or * ta list all spells.
Aimin': Iskenderun's Mestic Blast
Press: ? - help, Shift-Dir - straight line, f/p - hell hound
Aim: a hell hound (moderately wounded, catchin' its breath) Tha orb o' energy hits tha hell hound.
Tha hell hound be heavily wounded.
Tha orb o' energy 'splodes!
Ye be feelin' hungry.
Yer battlesphere fires!
Tha barrage o' energy hits tha hell hound.
Tha hell hound be almost dead.
Tha hell hound bites ye!
Ye die...

########################
.............*>.@.......
...####.........h.......
)..# #.######..........
...# #.# #..........
...# #.# #..........
(..# #.# #.........>
(..# #.# #..........
...# #.# ...........
<..# #.# ≈≈≈≈........


You could see a hell hound and a friendly battlesphere.

Vanquished Creatures
  An unseen horror (D:10)
  Pikel (D:4)
  A hill giant (D:7)
  Joseph (D:9)
  An ice statue (D:9)
  The ghost of ThereIsNoGod the Cleaver, a novice MiGl (D:6)
  Prince Ribbit (D:6)
  4 yaks (D:9)
  A wyvern (D:9)
  A hungry ghost (D:8)
  2 hippogriffs
  Edmund (D:4)
  An ice beast (D:4)
  4 slaves (D:4)
  A black bear (D:7)
  A phantom (D:4)
  6 centaurs
  6 ogres
  A crocodile (D:7)
  Blork the orc (D:4)
  2 giant frogs (D:7)
  A wyvern zombie (D:8)
  2 scorpions
  4 killer bees (D:5)
  2 howler monkeys
  3 crimson imps
  A giant frog zombie (D:6)
  3 giant frog skeletons
  3 hounds
  3 jellies
  A gnoll shaman (D:5)
  3 orc priests
  2 orc wizards
  2 iguanas
  6 worker ants
  Terence (D:2)
  A hound skeleton (D:4)
  A worker ant zombie (D:5)
  12 gnolls
  20 adders
  A shadow imp (D:5)
  2 oozes
  2 adder skeletons
  An adder zombie (D:5)
  2 worms (D:2)
  5 giant geckos
  18 orcs
  7 bats
  4 giant cockroaches
  6 goblins
  8 hobgoblins
  9 jackals
  4 quokkas
  2 ball pythons (D:1)
  6 giant newts
  A jackal zombie (D:7)
  5 kobolds
  A quokka zombie (D:5)
  6 rats
200 creatures vanquished.

Notes
Turn   | Place    | Note
--------------------------------------------------------------
     0 | D:1      | Heedrag the Deep Elf Conjurer began the quest for the Orb.
     0 | D:1      | Reached XP level 1. HP: 10/10 MP: 6/6
   192 | D:1      | Reached XP level 2. HP: 15/15 MP: 6/8
   435 | D:1      | Reached skill level 5 in Conjurations
   800 | D:1      | Reached XP level 3. HP: 19/19 MP: 5/10
  1415 | D:2      | Reached XP level 4. HP: 24/24 MP: 12/12
  1865 | D:2      | Learned a level 4 spell: Iskenderun's Mystic Blast
  1893 | D:3      | Found an iron altar of Okawaru.
  1916 | D:3      | Reached skill level 6 in Conjurations
  1923 | D:3      | Reached XP level 5. HP: 28/28 MP: 12/14
  1934 | D:3      | Learned a level 5 spell: Iskenderun's Battlesphere
  2066 | D:3      | Noticed Terence
  2097 | D:2      | Killed Terence
  2131 | D:3      | Reached skill level 5 in Spellcasting
  2162 | D:3      | Reached skill level 1 in Charms
  2321 | D:3      | Found a sacrificial altar of Ru.
  2491 | D:3      | Found a basalt altar of Yredelemnul.
  2597 | D:3      | Found a white marble altar of Elyvilon.
  2701 | D:4      | Noticed a phantom
  2724 | D:4      | Noticed a slave
  2832 | D:4      | Noticed an ice beast
  2837 | D:5      | Entered Level 5 of the Dungeon
  2940 | D:5      | Reached XP level 6. HP: 32/32 MP: 16/16
  3188 | D:5      | Reached skill level 7 in Conjurations
  3268 | D:4      | Reached XP level 7. HP: 36/36 MP: 18/18
  3454 | D:4      | Found an oddly glowing altar of Pakellas.
  3572 | D:4      | Reached skill level 8 in Conjurations
  3587 | D:4      | Noticed Pikel
  3629 | D:4      | Noticed a hippogriff
  3635 | D:4      | Killed a hippogriff
  3635 | D:4      | Reached skill level 5 in Charms
  3792 | D:4      | Killed Pikel
  3792 | D:4      | Reached skill level 9 in Conjurations
  3792 | D:4      | Reached XP level 8. HP: 23/41 MP: 0/21
  3986 | D:4      | Noticed Blork the orc
  3991 | D:4      | Killed Blork the orc
  3998 | D:4      | Noticed Edmund
  4007 | D:4      | Killed Edmund
  4007 | D:4      | Reached skill level 1 in Fighting
  4408 | D:5      | Found a shattered altar of Ashenzari.
  4519 | D:5      | Found a sparkling altar of Nemelex Xobeh.
  5022 | D:5      | Reached XP level 9. HP: 49/49 MP: 23/23
  5182 | D:6      | Found Qozyhai's Distillery.
  5203 | D:6      | Noticed Prince Ribbit
  5206 | D:6      | Killed Prince Ribbit
  5206 | D:6      | Reached skill level 10 in Conjurations
  5384 | D:6      | Bought a potion of mutation for 37 gold pieces
  5384 | D:6      | Gained mutation: You are dopey. (Int -2) [potion of mutation]
  5384 | D:6      | Gained mutation: You have large cloven feet. [potion of mutation]
  5384 | D:6      | Gained mutation: You can translocate small distances at will. [potion of mutation]
  5385 | D:6      | Gained mutation: You are agile. (Dex +2) [potion of mutation]
  5385 | D:6      | Gained mutation: You expend magic power (3 MP) to strengthen your wands. [potion of mutation]
  5424 | D:6      | Found a burning altar of Makhleb.
  5624 | D:6      | Noticed ThereIsNoGod's ghost (novice MiGl)
  5630 | D:6      | Killed ThereIsNoGod's ghost
  6034 | D:7      | Noticed a hill giant
  6496 | D:7      | Killed a hill giant
  6496 | D:7      | Reached skill level 5 in Dodging
  7027 | D:7      | Reached XP level 10. HP: 57/57 MP: 25/25
  7146 | D:7      | Found a staircase to the Ecumenical Temple.
  7165 | Temple   | Entered the Ecumenical Temple
  7230 | Temple   | Became a worshipper of Vehumet
  7341 | D:8      | Reached skill level 11 in Conjurations
  7358 | D:8      | Learned a level 1 spell: Summon Butterflies
  7649 | D:8      | Reached skill level 1 in Summonings
  7914 | D:8      | Gained mutation: You are very agile. (Dex +4) [potion of mutation]
  7914 | D:8      | Lost mutation: You are very agile. (Dex +4) [potion of mutation]
  7914 | D:8      | Gained mutation: You have a pair of small antennae on your head. [potion of mutation]
  7931 | D:8      | Found Ufoul's Armour Shoppe.
  8136 | D:9      | Noticed Joseph
  8144 | D:9      | Killed Joseph
  8431 | D:9      | Found Yjutey's Distillery.
  8439 | D:9      | Bought 2 potions of mutation for 70 gold pieces
  8439 | D:9      | Bought a potion of degeneration for 14 gold pieces
  8439 | D:9      | Gained mutation: You are partially covered in yellow scales (AC +2). [potion of mutation]
  8439 | D:9      | Gained mutation: Your spells are a little easier to cast, but a little less powerful. [potion of mutation]
  8439 | D:9      | Gained mutation: You evolve. [potion of mutation]
  8512 | D:9      | Got a translucent plate armour
  8513 | D:9      | Identified the cursed +0 plate armour of Rerabu {Str-3 Dex+5} (You found it on level 9 of the Dungeon)
  8528 | D:9      | Found a burning altar of Makhleb.
  8614 | D:9      | Reached * piety under Vehumet
  8614 | D:9      | Offered knowledge of Shock by Vehumet.
  8627 | D:9      | Reached skill level 5 in Fighting
  8695 | D:9      | Noticed an ice statue
  8927 | D:9      | Killed an ice statue
  8990 | D:9      | Reached skill level 10 in Spellcasting
  9003 | D:10     | Entered Level 10 of the Dungeon
  9045 | D:10     | Killed an unseen horror
  9081 | D:10     | HP: 2/59 [hell hound/blast of flame (19)]
  9082 | D:10     | Mangled by a hell hound

Skill      XL: |  1  2  3  4  5  6  7  8  9 10 |
---------------+-------------------------------+-----
Conjurations   | 5 6 7 9 10 11 | 11.7
Spellcasting   | 4 5 6 7 8 9 10 | 10.1
Charms         | 1 3 6 8 9 |  9.3
Fighting       | 2 4 5 |  5.4
Dodging        | 3 5 6 |  6.4
Summonings     | 2 |  2.9
Stealth        | |  2.4

Action                   |  1- 3 |  4- 6 |  7- 9 | 10-12 || total
-------------------------+-------+-------+-------+-------++-------
Melee: Unarmed           |    11 |       |       |       ||    11
 Cast: Magic Dart        |    68 |   163 |   214 |   115 ||   560
       Iskenderun's Batt |       |       |    35 |    25 ||    60
       Iskenderun's Myst |       |       |     8 |    11 ||    19
  Use: Scroll            |       |       |     9 |     1 ||    10
       Potion            |       |       |     2 |     2 ||     4
  Eat: Chunk             |     1 |     6 |    21 |    10 ||    38
       Beef jerky        |       |       |       |     1 ||     1
Armor: Robe              |       |     4 |     8 |     7 ||    19
Dodge: Dodged            |     2 |    17 |    50 |    30 ||    99
